 Dungeon Crawl Stone Soup version 0.27.1 (webtiles) character file.

Game seed: 10924356985401835834

144 szrap the Digger (level 5, -3/28 HPs)
             Began as a Gargoyle Earth Elementalist on Aug 16, 2021.
             Killed from afar by a steam dragon (10 damage)
             ... with a ball of steam
             ... on level 4 of the Dungeon on Aug 25, 2021.
             The game lasted 00:14:59 (4316 turns).

szrap the Digger (Gargoyle Earth Elementalist)      Turns: 4316, Time: 00:15:00

Health: -3/28      AC: 10    Str: 12    XL:     5   Next: 27%
Magic:  4/10       EV: 11    Int: 16    God:
Gold:   126        SH:  0    Dex: 10    Spells: 1/11 levels left

rFire    . . .     SeeInvis .   p - +0 flail
rCold    . . .     Faith    .   (no shield)
rNeg     + . .     Spirit   .   b - +0 robe
rPois    ∞         Reflect  .   d - +2 hat
rElec    +         Harm     .   (no cloak)
rCorr    .         Rampage  .   c - +1 pair of gloves
Will     .....                  (no boots)
Stlth    ++........             (no amulet)
HPRegen  0.09/turn              (no ring)
MPRegen  0.12/turn              (no ring)

@: very slightly contaminated
A: sickness immunity, AC +4, negative energy resistance 1, electricity
resistance, torment resistance 1, petrification resistance
a: no special abilities


You were on level 4 of the Dungeon.
You visited 1 branch of the dungeon, and saw 4 of its levels.

You collected 126 gold pieces.

Inventory:

Hand Weapons
 p - a +0 flail (weapon)
Missiles
 i - 38 stones
Armour
 b - a +0 robe (worn)
 c - a +1 pair of gloves (worn)
 d - a +2 hat (worn)
Potions
 a - 3 potions of attraction
 e - 2 potions of haste {unknown}
 h - a potion of curing {unknown}
 n - a potion of might {unknown}


   Skills:
 - Level 1.5 Dodging
 - Level 2.1 Stealth
 - Level 3.7 Spellcasting
 - Level 0.7 Transmutations
 + Level 5.5 Earth Magic


You had one spell level left.
You knew the following spells:

 Your Spells              Type           Power      Damage    Failure   Level
a - Sandblast             Erth           40%        2d10      1%          1
b - Stone Arrow           Conj/Erth      22%        3d8       17%         3
c - Passwall              Tmut/Erth      10%        N/A       8%          2
d - Petrify               Tmut/Erth      13%        N/A       43%         4

Your spell library contained the following spells:

 Spells                   Type           Power      Damage    Failure   Level


Dungeon Overview and Level Annotations

Branches:
Dungeon (4/15)
 Temple: D:4-7

Altars:

Shops:
D:1 [   D:4 (


Innate Abilities, Weirdness & Mutations

You are immune to sickness and miasma.
Your stone body is resilient. (AC +4)
You are immune to poison.
You resist negative energy. (rN+)
You are resistant to electric shocks. (rElec)
You are resistant to unholy torment.
You are immune to petrification.


Message History

Aim: a steam dragon (moderately wounded, 81% to hit)
The blast of sand hits the steam dragon.
The steam dragon is moderately wounded.
Casting: Sandblast (safe; 1% risk of failure)
Confirm with . or Enter, or press ? or * to list all spells.
Aiming: Sandblast (safe; 1% risk of failure)
Press: ? - help, Shift-Dir - straight line, f/p - steam dragon
Aim: a steam dragon (moderately wounded, 81% to hit)
The blast of sand misses the steam dragon.
The steam dragon breathes steam at you. The ball of steam hits you!!
Ouch! That really hurt!
* * * LOW HITPOINT WARNING * * *
You hear a shout!
Casting: Sandblast (safe; 1% risk of failure)
Confirm with . or Enter, or press ? or * to list all spells.
Aiming: Sandblast (safe; 1% risk of failure)
Press: ? - help, Shift-Dir - straight line, f/p - steam dragon
Aim: a steam dragon (moderately wounded, catching its breath, 81% to hit)
Okay, then.
Unknown command.
The steam dragon misses you. The steam dragon closely misses you.
Unknown command.
Unknown command.
Found a scroll labelled QATENT UNITAI.
Press: ? - help, v - describe, . - travel The floor.
Unknown command.
Casting: Sandblast (safe; 1% risk of failure)
Confirm with . or Enter, or press ? or * to list all spells.
The spell is quite dangerous to cast (17% risk of failure)!
Continue anyway?
Aiming: Stone Arrow (quite dangerous; 17% risk of failure)
Press: ? - help, Shift-Dir - straight line, f/p - steam dragon
Aim: a steam dragon (moderately wounded, 68% to hit)
You miscast Stone Arrow.
You are very lightly contaminated with residual magic.
Nothing appears to happen.
The steam dragon breathes steam at you. The ball of steam hits you!
You die...

#####.......
....#....#.# .
.$#$.......###.
..<...........
#.........#
#....#..##..?
#..§...(...#
####§##D#.####
#......@#.# #
#.##.##.#.# ##..###
#.##.##.#.##......
#.........##.#..##.
#.###.....##.#.....
# #........8..###.
..........#........
#.##?#.[.#8.>.8####
# #.#..###...##


You could see a steam dragon (catching breath).

Vanquished Creatures
  3 gnolls (D:2)
  3 adders
  2 worms
  8 bats
  15 endoplasms
  A giant cockroach (D:3)
  6 goblins
  8 hobgoblins
  6 jackals
  3 quokkas
  7 ball pythons
  4 frilled lizards
  6 kobolds
  4 rats
76 creatures vanquished.

Notes
Turn   | Place    | Note
-------+----------+-------------------------------------------
     0 | D:1      | szrap the Gargoyle Earth Elementalist began the quest for
                  | the Orb.
     0 | D:1      | Reached XP level 1. HP: 10/10 MP: 3/3
   112 | D:1      | Reached skill level 4 in Earth Magic
   120 | D:1      | Reached XP level 2. HP: 7/15 MP: 0/5
   491 | D:1      | Found a faded altar of an unknown god.
   665 | D:1      | Reached XP level 3. HP: 19/19 MP: 3/6
  1196 | D:1      | Found Ykuil's Armour Emporium.
  1353 | D:2      | Learned a level 3 spell: Stone Arrow
  1718 | D:1      | Upgraded the game from 0.27.0-1-g7a089689b8 to
                  | 0.27.0-66-gdc8fb28755
  1721 | D:1      | Learned a level 2 spell: Passwall
  2273 | D:2      | Reached XP level 4. HP: 19/24 MP: 8/8
  2552 | D:2      | Reached skill level 5 in Earth Magic
  3611 | D:3      | Reached XP level 5. HP: 22/28 MP: 7/10
  4098 | D:3      | Upgraded the game from 0.27.0-66-gdc8fb28755 to 0.27.1
  4169 | D:3      | Learned a level 4 spell: Petrify
  4281 | D:4      | Noticed an ice beast
  4289 | D:4      | Found Limu's Antique Weapon Shop.
  4308 | D:4      | Noticed a steam dragon
  4316 | D:4      | Killed from afar by a steam dragon

Illustrated notes

Levels and vault maps discovered:
D:1:      lightli_arrival_isolated_outpost, layout_loops_ring,
          hellmonk_ecumenical_altar_slurped_away, serial_shops,
          nicolae_shop_crystal, minmay_misc_feat_cross
D:2:      layout_basic
D:3:      layout_rooms, minmay_close_crescents
D:4:      layout_loops_cross, nicolae_ru_awakened_eye, bloody_makhleb,
          nicolae_stop_n_shop_2

Skill      XL: |  1  2  3  4 |
---------------+-------------+-----
Earth Magic    | 4 5 |  5.5
Spellcasting   | 3 |  3.7
Dodging        | |  1.5
Stealth        | |  2.1
Transmutations | |  0.7

Action                   |  1- 3 |  4- 6 || total
-------------------------+-------+-------++-------
Melee: Dagger            |    83 |       ||    83
       Flail             |       |   105 ||   105
 Cast: Sandblast         |    45 |    23 ||    68
       Stone Arrow       |     1 |     4 ||     5
  Use: Scroll            |       |     8 ||     8
Armor: Robe              |    28 |    51 ||    79
Dodge: Dodged            |    62 |   101 ||   163
